 Dungeon Crawl Stone Soup version 0.24-a0-530-g18ba70b503 (webtiles) character file.

Game seed: 2064431388852566196

32 Mithandil the Conjurer (level 3, -7/20 HPs)
             Began as a Tengu Conjurer on Aug 9, 2019.
             Mangled by a bullfrog (9 damage)
             ... on level 2 of the Dungeon.
             The game lasted 00:08:27 (1523 turns).

Mithandil the Conjurer (Tengu Conjurer)             Turns: 1523, Time: 00:08:27

Health: -7/20      AC:  3    Str:  9    XL:     3   Next: 25%
Magic:  1/7        EV: 13    Int: 15    God:
Gold:   63         SH:  0    Dex: 14    Spells: 3/6 levels left

rFire    . . .     SeeInvis .   b - +0 short sword
rCold    . . .     Gourm    .   (no shield)
rNeg     . . .     Faith    .   g - +0 robe
rPois    .         Spirit   .   (helmet restricted)
rElec    .         Reflect  .   (no cloak)
rCorr    .         Harm     .   k - +0 pair of gloves
MR       .....                  (boots unavailable)
Stlth    ++........             (no amulet)
HPRegen  0.06/turn              (no ring)
MPRegen  0.10/turn              (no ring)

@: no status effects
A: beak, talons 3
a: no special abilities


You were on level 2 of the Dungeon.
You were hungry.

You visited 1 branch of the dungeon, and saw 3 of its levels.

You collected 63 gold pieces.

Inventory:

Hand Weapons
 a - a +0 dagger
 b - a +0 short sword (weapon)
Missiles
 f - 88 stones (quivered)
Armour
 g - a +0 robe (worn)
 k - a +0 pair of gloves (worn)
Scrolls
 e - a scroll of teleportation {unknown}
 h - 2 scrolls of remove curse {unknown}
 j - a scroll of blinking {unknown}
 l - a scroll of identify {unknown}
Comestibles
 c - 3 rations
 d - a chunk of flesh


   Skills:
 + Level 0.4 Fighting
 + Level 2.4 Dodging
 * Level 2.5 Stealth
 * Level 2.3 Spellcasting
 * Level 5.7 Conjurations


You had 3 spell levels left.
You knew the following spells:

 Your Spells              Type           Power        Failure   Level  Hunger
a - Magic Dart            Conj           ###.         1%          1    #......
b - Searing Ray           Conj           ###...       3%          2    ###....

Your spell library contained the following spells:

 Spells                   Type           Power        Failure   Level  Hunger
 Dazzling Spray           Conj/Hex       ##....       21%         3    ###....
 Iskenderun's Mystic Bla  Conj           ###.....     21%         4    #####..
 Force Lance              Conj/Tloc      ##......     54%         4    #####..
 Fulminant Prism          Conj/Hex       ##........   54%         4    #####..


Dungeon Overview and Level Annotations

Branches:
Dungeon (3/15)

Altars:


Innate Abilities, Weirdness & Mutations

You have a beak for a mouth.
You have claws for feet.


Message History

The bullfrog misses you. The bullfrog hits you.
* * * LOW HITPOINT WARNING * * *
The bullfrog hits you but does no damage.
The bullfrog hits you.
* * * LOW HITPOINT WARNING * * *
Casting: Searing Ray (safe; 3% risk of failure)
Confirm with . or Enter, or press ? or * to list all spells.
You don't have enough magic to cast that spell.
Unknown command.
You barely miss the bullfrog.
The bullfrog is heavily wounded.
The bullfrog hits you but does no damage.
You barely miss the bullfrog. You claw the bullfrog.
The bullfrog is heavily wounded.
The bullfrog barely misses you. The bullfrog closely misses you.
You closely miss the bullfrog. You peck the bullfrog.
The bullfrog is severely wounded.
The bullfrog hits you!
You die...

######################
.....................#
##...................#
#.####################
##.# #........@F....#
...#####.############.#
................ ...
#.........###### .#.#
#.##.###.## .#.#
..<....#.# .# #
#.####.#.# .#
....##.#.# .#
#.#.##.#.#


You could see a bullfrog.

Vanquished Creatures
  A dart slug (D:2)
  2 leopard geckos (D:1)
  6 goblins
  3 hobgoblins
  3 jackals (D:1)
  4 bats
  2 frilled lizards (D:1)
  2 kobolds (D:1)
  4 rats
27 creatures vanquished.

Notes
Turn   | Place    | Note
-------+----------+-------------------------------------------
     0 | D:1      | Mithandil the Tengu Conjurer began the quest for the Orb.
     0 | D:1      | Reached XP level 1. HP: 10/10 MP: 4/4
   409 | D:1      | Reached XP level 2. HP: 15/15 MP: 3/6
   413 | D:1      | Learned a level 2 spell: Searing Ray
   988 | D:1      | Reached XP level 3. HP: 16/20 MP: 1/7
  1509 | D:2      | Noticed a bullfrog
  1523 | D:2      | Mangled by a bullfrog

Levels and vault maps discovered:
D:1:      eino_arrival_water_cross, layout_loops_ring
D:2:      layout_basic
D:3:      layout_loops_ring, overflow_temple_1_default, lemuel_doored_altar,
          uniq_ijyb

Action                   || total
-------------------------++-------
Melee: Unarmed           ||     8
       Kick              ||     5
       Dagger            ||    16
       Short sword       ||     4
       Peck              ||     2
 Cast: Magic Dart        ||    45
       Searing Ray       ||     2
  Use: Potion            ||     1
 Stab: Sleeping          ||     1
  Eat: Chunk             ||     2
Armor: Robe              ||     5
Dodge: Dodged            ||    30

Table legend:
 A = Non-vault XP
 B = Vault XP
 C = Vault XP percentage of total XP
 D = Non-vault monster count
 E = Vault monster count
 F = Vault count percentage of total count
                 A         B        C        D         E       F
            +---------+---------+-------+---------+---------+-------
      Total |      46 |       0 |   0.0 |      27 |       0 |   0.0
            +---------+---------+-------+---------+---------+-------
        D:1 |      34 |       0 |   0.0 |      21 |       0 |   0.0
        D:2 |      12 |       0 |   0.0 |       6 |       0 |   0.0
            +---------+---------+-------+---------+---------+-------
